 Dungeon Crawl Stone Soup version 0.17-a0-131-ga9cda9c (webtiles) character file.

71 karlm the Covered (level 4, -1/42 HPs)
             Began as a Deep Dwarf Fighter on Mar 24, 2015.
             Slain by Robin
             ... wielding a +3 short sword of electrocution
              (10 damage)
             ... on level 2 of the Dungeon.
             The game lasted 00:04:37 (1332 turns).

karlm the Covered (Deep Dwarf Fighter)              Turns: 1332, Time: 00:04:37

Health: -1/42      AC:  7    Str: 20    XL:     4   Next: 5%
Magic:  4/4        EV:  7    Int:  9    God:
Gold:   90         SH:  9    Dex: 12    Spells: 0 memorised, 3 levels left

rFire  . . .     SeeInvis .     a - +0 war axe
rCold  . . .     Clarity  .     b - +0 scale mail
rNeg   . . .     SustAb   .     c - +0 shield
rPois  .         Gourm    .     (no helmet)
rElec  .         Spirit   .     (no cloak)
rCorr  .         Warding  .     (no gloves)
rMut   .         Stasis   .     (no boots)
MR     .....                    (no amulet)
Stlth  ..........               (no ring)
                                (no ring)

@: non-regenerating, not resistant to hostile enchantments, extremely unstealthy
A: damage resistance, recharge devices, sense surroundings 1, slow healing 3
a: Device Recharging


You were on level 2 of the Dungeon.
You were hungry.

You visited 1 branch of the dungeon, and saw 2 of its levels.

You collected 90 gold pieces.

Inventory:

Hand weapons
 a - a +0 war axe (weapon)
 x - a +0 hunting sling
Missiles
 m - 76 stones (quivered)
 t - 6 javelins
Armour
 b - a +0 scale mail (worn)
 c - a +0 shield (worn)
Magical devices
 d - a wand of heal wounds (4)
 u - a wand of digging (9)
Scrolls
 g - 2 scrolls of remove curse {unknown}
 i - a scroll of random uselessness {unknown}
 k - a scroll of blinking {unknown}
 o - a scroll of noise {unknown}
 p - a scroll of enchant weapon {unknown}
 r - a scroll of amnesia {unknown}
 s - a scroll of enchant armour {unknown}
Potions
 e - 2 potions of might
 h - a potion of mutation {unknown}
 n - a potion of cure mutation {unknown}
 v - a potion of haste {unknown}
 w - a potion of resistance {unknown}
Comestibles
 f - 2 bread rations
 j - a slice of pizza
 l - 2 meat rations
 q - 2 chunks of flesh


   Skills:
 + Level 3.1 Fighting
 * Level 3.6 Axes
 + Level 3.8 Armour
 + Level 3.6 Shields


You had 3 spell levels left.
You didn't know any spells.

Dungeon Overview and Level Annotations

Branches:
Dungeon (2/15)

Altars:
Fedhas
The Shining One

Annotations:
D:2 Robin


Innate Abilities, Weirdness & Mutations

You are resistant to damage.
You can recharge devices by infusing magical energy.
You passively map a small area around you.
You do not heal naturally.


Message History

The hobgoblin hits you but does no damage.
Robin hits you but does no damage. You block the goblin's attack.
Unknown command.
Your scale mail prevents you from hitting Robin.
Robin is lightly wounded.
You hit the goblin.
The goblin is almost dead.
You hit the hobgoblin.
You kill the hobgoblin!
Robin hits you but does no damage.
You are electrocuted!
* * * LOW HITPOINT WARNING * * *
The goblin hits you.
* * * LOW HITPOINT WARNING * * *
Some of the chunks of flesh in your inventory have rotted away.
You barely miss Robin.
Robin is lightly wounded.
You barely miss the goblin.
The goblin is almost dead.
Robin hits you but does no damage.
You are electrocuted!
You die...

#lgg#..#########≈≈(#
#...#..........#≈≈(#
#..g#.....))...'...#
#ggg#..........'...#
#..(#..........'...#
#...#..........#≈≈##
#''.........####≈≈#
#..........)g.≈≈≈##
#......)...g@.≈≈≈#
#......#...#..≈≈##
#################


You could see Robin and a goblin (frenzied).

Vanquished Creatures
  An adder (D:2)
  A worm (D:2)
  A giant gecko (D:2)
  An ooze (D:2)
  5 bats
  12 goblins
  10 hobgoblins
  7 jackals
  4 kobolds
  3 giant cockroaches
  2 giant newts
  2 rats
49 creatures vanquished.

Notes
Turn   | Place    | Note
--------------------------------------------------------------
     0 | D:1      | karlm, the Deep Dwarf Fighter, began the quest for the Orb.
     0 | D:1      | Reached XP level 1. HP: 20/20 MP: 1/1
   164 | D:1      | Reached XP level 2. HP: 24/27 MP: 2/2
   581 | D:1      | Found a glowing golden altar of the Shining One.
   769 | D:2      | Reached XP level 3. HP: 25/34 MP: 3/3
   930 | D:2      | Found a blossoming altar of Fedhas.
  1306 | D:2      | Noticed Robin
  1328 | D:2      | Reached XP level 4. HP: 34/42 MP: 4/4
  1332 | D:2      | Slain by Robin

Action                   |  1- 3 |  4- 6 || total
-------------------------+-------+-------++-------
Melee: War axe           |   118 |     4 ||   122
Throw: Stone             |    17 |       ||    17
Evoke: Wand              |     1 |       ||     1
  Eat: Chunk             |     1 |       ||     1
